 Dungeon Crawl Stone Soup version 0.28.0-43-g3370ac3207 (webtiles) character file.

Game seed: 13597481516607140643

46 Ablot the Grasshopper (level 3, -7/31 HPs)
             Began as a Gnoll Warper on Mar 22, 2022.
             Mangled by Terence
             ... wielding a +0 flail
              (10 damage)
             ... on level 1 of the Dungeon.
             The game lasted 00:01:30 (972 turns).

Ablot the Grasshopper (Gnoll Warper)                 Turns: 972, Time: 00:01:31

Health: -7/31      AC:  3    Str: 12    XL:     3   Next: 68%
Magic:  7/9        EV: 12    Int: 12    God:
Gold:   53         SH:  5    Dex: 11    Spells: 9/12 levels left

rFire   . . .      SeeInvis .   a - +0 spear
rCold   . . .      Faith    .   (no shield)
rNeg    . . .      Spirit   .   b - +0 leather armour
rPois   .          Reflect  +   (no helmet)
rElec   .          Harm     .   (no cloak)
rCorr   .          Rampage  .   (no gloves)
Will    .....                   (no boots)
Stlth   +.........              f - amulet of reflection
HPRegen 0.10/turn               (no ring)
MPRegen 0.11/turn               (no ring)

@: very slightly contaminated
A: fangs 1, strong nose, distributed training
a: no special abilities


You were on level 1 of the Dungeon.
You visited 1 branch of the dungeon, and saw 2 of its levels.

You collected 53 gold pieces.

Inventory:

Hand Weapons
 a - a +0 spear (weapon)
Missiles
 d - 5 boomerangs of dispersal (quivered)
 i - 6 stones
 l - 8 sling bullets
Armour
 b - a +0 leather armour (worn)
Jewellery
 f - an amulet of reflection (around neck)
Scrolls
 c - a scroll of blinking
 e - 2 scrolls of teleportation {unknown}
 m - a scroll of vulnerability {unknown}
Potions
 g - a potion of curing {unknown}
 h - a potion of heal wounds {unknown}
 j - 2 potions of cancellation {unknown}
 k - a potion of attraction {unknown}


   Skills:
 + Level 4.5 Fighting
 + Level 0.9 Short Blades
 + Level 0.9 Long Blades
 + Level 0.9 Axes
 + Level 0.9 Maces & Flails
 + Level 4.5 Polearms
 + Level 0.9 Staves
 + Level 0.9 Slings
 + Level 0.9 Bows
 + Level 0.9 Crossbows
 + Level 2.6 Throwing
 + Level 2.6 Armour
 + Level 4.5 Dodging
 + Level 0.9 Stealth
 + Level 0.9 Shields
 + Level 0.9 Unarmed Combat
 + Level 5.0 Spellcasting
 + Level 0.6 Conjurations
 + Level 0.6 Hexes
 + Level 0.6 Summonings
 + Level 0.6 Necromancy
 + Level 5.4 Translocations
 + Level 0.6 Transmutations
 + Level 0.6 Fire Magic
 + Level 0.6 Ice Magic
 + Level 0.6 Air Magic
 + Level 0.6 Earth Magic
 + Level 0.6 Poison Magic
 + Level 1.0 Invocations
 + Level 0.9 Evocations


You had 9 spell levels left.
You knew the following spells:

 Your Spells              Type           Power      Damage    Failure   Level
a - Blink                 Tloc           32%        N/A       4%          2
b - Slow                  Hex            16%        N/A       21%         1

Your spell library contained the following spells:

 Spells                   Type           Power      Damage    Failure   Level
 Gell's Gravitas          Tloc           16%        N/A       9%          3
 Lesser Beckoning         Tloc           16%        N/A       9%          3
 Teleport Other           Tloc           16%        N/A       9%          3
 Manifold Assault         Tloc           16%        N/A       58%         5


Dungeon Overview and Level Annotations

Branches:
Dungeon (2/15)

Altars:

Annotations:
D:1 Robin, Terence


Innate Abilities, Weirdness & Mutations

You have very sharp teeth.
Your uncanny sense of smell can sniff out nearby items.
Your experience applies equally to all skills.


Message History

No target in view!
No target in view!
No target in view!
No target in view!
No target in view!
No target in view!
Things that are here:
a +0 club; a goblin corpse You see here a +0 club.
You see here a +0 club.
You see here a +0 club.
You start resting.
HP restored.
There is a stone staircase leading down here.
You climb downwards.
Level annotation: Robin, Terence You block Robin's attack.
You block Terence's attack. The hobgoblin hits you.
The hobgoblin closely misses you. The hobgoblin barely misses you.
Robin hits you with a +0 spear. Terence closely misses you.
There is a stone staircase leading up, spattered with blood here.
Unknown command.
The hobgoblin hits you.
The hobgoblin hits you but does no damage.
The hobgoblin barely misses you.
Robin roars a battlecry!
The goblins go into a battle-frenzy!
Terence hits you with a +0 flail!
* * * LOW HITPOINT WARNING * * *
The goblin shouts!
You climb upwards.
There is a stone staircase leading down here.
Cast which spell? (? or * to list)
You miscast Blink.
You are very lightly contaminated with residual magic.
Nothing appears to happen.
The hobgoblin hits you.
* * * LOW HITPOINT WARNING * * *
The hobgoblin closely misses you.
The hobgoblin hits you but does no damage.
Terence hits you with a +0 flail!
You die...

#..## ##.....# # ##..#
#..#..## # ##.#
##..##.#### #
#.###.).......###
#.##......###....
#.....##.####....
###########.............
#.....@g)..........##.##
#.....g@g.....####.##.##
#.......g...#.# #.##.##
#.....[...###.# #)##.#
#.........# #.## #....#
#####.#...###..# ###..#
##.##...###.###...##
###..##.#......##.#..##
#...###.........#.##.#.
#.### ######..#...##...


You could see Terence, Robin and 3 hobgoblins.

Vanquished Creatures
  A dart slug (D:1)
  5 bats
  2 endoplasms
  A giant cockroach (D:2)
  7 goblins
  7 hobgoblins
  4 jackals (D:1)
  2 quokkas
  2 ball pythons (D:1)
  A frilled lizard (D:1)
  4 kobolds
36 creatures vanquished.

Vanquished Creatures (others)
  A plant (D:1)
1 creature vanquished.

Grand Total: 37 creatures vanquished

Notes
Turn   | Place    | Note
-------+----------+-------------------------------------------
     0 | D:1      | Ablot the Gnoll Warper began the quest for the Orb.
     0 | D:1      | Reached XP level 1. HP: 20/20 MP: 6/6
   120 | D:1      | Reached XP level 2. HP: 26/26 MP: 7/7
   123 | D:1      | Learned a level 2 spell: Blink
   396 | D:1      | Found a faded altar of an unknown god.
   412 | D:1      | Reached XP level 3. HP: 31/31 MP: 9/9
   420 | D:1      | Got Plato's Grimoire of Enchantment
   423 | D:1      | Learned a level 1 spell: Slow
   521 | D:1      | Reached skill level 5 in Spellcasting
   821 | D:2      | Identified the +1 helmet "Acozxuonu" {*Slow Will+++ rCorr
                  | Int+5}
   821 | D:2      | Noticed Robin
   827 | D:2      | Reached skill level 1 in Invocations
   832 | D:2      | Noticed Terence
   972 | D:1      | Mangled by Terence

Illustrated notes

Levels and vault maps discovered:
D:1:      dpeg_arrival_houses_and_road, layout_rooms,
          shapermc_ecumenical_altar_rom_forum
D:2:      layout_loops_ring, uniq_robin, uniq_crazy_yiuf_cottage, uniq_terence

Skill      XL: |  1  2  3 |
---------------+----------+-----
Spellcasting   | 5 |  5.0
Invocations    | 1 |  1.0
Fighting       | |  4.5
Short Blades   | |  0.9
Long Blades    | |  0.9
Axes           | |  0.9
Maces & Flails | |  0.9
Polearms       | |  4.5
Staves         | |  0.9
Slings         | |  0.9
Bows           | |  0.9
Crossbows      | |  0.9
Throwing       | |  2.6
Armour         | |  2.6
Dodging        | |  4.5
Stealth        | |  0.9
Shields        | |  0.9
Unarmed Combat | |  0.9
Conjurations   | |  0.6
Hexes          | |  0.6
Summonings     | |  0.6
Necromancy     | |  0.6
Translocations | |  5.4
Transmutations | |  0.6
Fire Magic     | |  0.6
Ice Magic      | |  0.6
Air Magic      | |  0.6
Earth Magic    | |  0.6
Poison Magic   | |  0.6
Evocations     | |  0.9

Action                   || total
-------------------------++-------
Melee: Spear             ||   121
       Bite              ||     5
 Stab: Sleeping          ||     1
Armor: Leather armour    ||    23
Dodge: Dodged            ||    60
Block: Other             ||    18
